 Dungeon Crawl Stone Soup version 0.22-a0-355-g201945fe43 (webtiles) character file.

91 KleinerIrrer the Chopper (level 4, -2/42 HPs)
             Began as a Naga Wanderer on Apr 18, 2018.
             Slain by an ice beast (4 damage)
             ... on level 3 of the Dungeon.
             The game lasted 00:07:04 (3678 turns).

KleinerIrrer the Chopper (Naga Wanderer)            Turns: 3678, Time: 00:07:05

Health: -2/42      AC:  5    Str: 15    XL:     4   Next: 59%
Magic:  4/4        EV: 13    Int: 20    God:
Gold:   185        SH:  0    Dex: 13    Spells: 3/3 levels left

rFire    . . .     SeeInvis +   q - +0 spear (vamp)
rCold    . . .     Gourm    .   (no shield)
rNeg     . . .     Faith    .   o - +0 ring mail
rPois    +         Spirit   .   r - +1 helmet
rElec    .         Reflect  .   (no cloak)
rCorr    .         Harm     .   (no gloves)
MR       .....                  (no barding)
Stlth    ++........             (no amulet)
HPRegen  0.14/turn              (no ring)
MPRegen  0.09/turn              (no ring)

@: brilliant, agile, drained, very slow
A: large, see invisible, deformed body, poison resistance, slowness 2, slow
metabolism 1, spit poison 1, AC +1
a: Spit Poison


You were on level 3 of the Dungeon.
You were not hungry.

You visited 1 branch of the dungeon, and saw 3 of its levels.

You collected 185 gold pieces.

Inventory:

Hand Weapons
 a - a +2 hand axe
 q - a +0 vampiric spear (weapon)
Armour
 o - a +0 ring mail (worn)
 p - a +0 plate armour
 r - a +1 helmet (worn)
Wands
 t - a wand of acid (8)
Scrolls
 b - a scroll of teleportation
 e - 3 scrolls of identify
 h - 3 scrolls of amnesia {unknown}
 j - 3 scrolls of fear {unknown}
 l - 2 scrolls of remove curse {unknown}
 m - a scroll of enchant weapon
 s - a scroll of blinking {unknown}
Potions
 c - a potion of lignification
 d - a potion of flight
Comestibles
 f - 3 rations
 i - a chunk of flesh


   Skills:
 + Level 3.0(2.4) Fighting
 - Level 5.7(5.1) Axes
 + Level 1.2(0.6) Armour
 - Level 1.5(0.9) Stealth
 - Level 1.0(0.4) Evocations


You had 3 spell levels left.
You didn't know any spells.

Dungeon Overview and Level Annotations

Branches:
Dungeon (3/15)

Altars:
Gozag


Innate Abilities, Weirdness & Mutations

You cannot wear boots.
Your serpentine skin is tough. (AC +1)
You have supernaturally acute eyesight. (SInv)
Armour fits poorly on your strangely shaped body.
Your system is resistant to poisons. (rPois)
You cover ground very slowly.
You have a slow metabolism.
You can spit poison.


Message History

The ice beast is lightly wounded.
The ice beast hits you but does no damage.
Unknown command.
You hit the ice beast.
You feel better.
The ice beast is moderately wounded.
You feel less wooden.
Your +1 helmet unmelds from your body.
Your +0 ring mail unmelds from your body.
The ice beast hits you but does no damage.
You barely miss the ice beast.
The ice beast is moderately wounded.
The ice beast hits you.
* * * LOW HITPOINT WARNING * * *
The ice beast freezes you!
* * * LOW HITPOINT WARNING * * *
As you read the scroll labeled XOANILIWKA, it crumbles to dust.
It is a scroll of identify.
m - a scroll of enchant weapon The ice beast hits you.
You die...

#......########)[#
##...#.# #..#
##.##)# #.<# #.#
.# #).#
♣.♣###.##.###.
..$.#
♣.............
####.#
♣♣♣###...##### #.#
#Y..# #.# ###@..#
#.# #.(..## #.#
###..# #..# #..#
#?.# ...# .>..
#....


You could see an ice beast.

Vanquished Creatures
  Robin (D:3)
  2 adders (D:2)
  An ooze (D:2)
  A worm (D:2)
  2 dart slugs (D:2)
  2 leopard geckos
  4 bats
  10 goblins
  9 hobgoblins
  A jackal (D:3)
  2 ball pythons
  5 frilled lizards
  4 kobolds
  2 rats
46 creatures vanquished.

Notes
Turn   | Place    | Note
-------+----------+-------------------------------------------
     0 | D:1      | KleinerIrrer the Naga Wanderer began the quest for the Orb.
     0 | D:1      | KleinerIrrer set off with: a +2 hand axe, a scroll of teleportation, a potion of lignification, a +0 robe, a ration
     0 | D:1      | Reached XP level 1. HP: 21/21 MP: 1/1
   403 | D:1      | Reached XP level 2. HP: 28/28 MP: 2/2
  2014 | D:2      | Reached XP level 3. HP: 34/34 MP: 3/3
  2083 | D:2      | Reached skill level 5 in Axes
  2642 | D:2      | Reached XP level 4. HP: 40/42 MP: 4/4
  2830 | D:2      | Found an opulent altar of Gozag.
  3117 | D:3      | Noticed Robin
  3368 | D:3      | Killed Robin
  3488 | D:3      | Noticed an ice beast
  3677 | D:3      | HP: 2/42 [ice beast (7)]
  3678 | D:3      | Slain by an ice beast

Vault maps used:
D:1:      dpeg_arrival_houses_and_road
D:2:      first_ration, nicolae_gozag_cash_rules_everything_around_me
D:3:      kb_forest_paths, minivault_24, dk_noncrumbling_3, uniq_robin

Skill      XL: |  1  2  3 |
---------------+----------+-----
Axes           | 5 |  5.7
Fighting       | |  3.0
Armour         | |  1.2
Stealth        | |  1.5
Evocations     | |  1.0

Action                   |  1- 3 |  4- 6 || total
-------------------------+-------+-------++-------
Melee: Hand axe          |    80 |    36 ||   116
       Spear             |       |    34 ||    34
 Abil: Spit Poison       |    15 |     4 ||    19
  Use: Potion            |       |     5 ||     5
       Scroll            |       |     1 ||     1
  Eat: Ration            |     1 |     2 ||     3
       Chunk             |     1 |     2 ||     3
Armor: Robe              |     4 |       ||     4
       Skin              |       |    29 ||    29
       Ring mail         |       |    27 ||    27
Dodge: Dodged            |    40 |    32 ||    72

Table legend:
 A = Spawn XP
 B = Non-spawn XP
 C = Spawn XP percentage of total XP
 D = Spawn monster count
 E = Non-spawn monster count
 F = Spawn count percentage of total count
 G = Total turns spent on level
                    A         B        C        D         E        F      G
               +---------+---------+-------+---------+---------+-------+---------
         Total |       0 |     131 |   0.0 |       0 |      46 |   0.0 |  3678
               +---------+---------+-------+---------+---------+-------+---------
           D:1 |       0 |      32 |   0.0 |       0 |      19 |   0.0 |  1942
           D:2 |       0 |      65 |   0.0 |       0 |      17 |   0.0 |  1508
           D:3 |       0 |      34 |   0.0 |       0 |      10 |   0.0 |   228
               +---------+---------+-------+---------+---------+-------+---------
